 Dungeon Crawl Stone Soup version 0.29.1-1-gd02db6906a (webtiles) character file.

Game seed: 14376708914301888716

5917 Ijustatesigmund the Fighter (level 10, -1/68 HPs)
             Began as a Gargoyle Fighter on Sept 22, 2022.
             Was a Priest of Okawaru.
             Slain by an orc warrior
             ... wielding a +0 long sword
              (12 damage)
             ... on level 9 of the Dungeon on Sept 23, 2022.
             The game lasted 00:16:53 (10090 turns).

Ijustatesigmund the Fighter (Gargoyle Fighter)     Turns: 10090, Time: 00:16:54

Health: -1/68      AC: 18    Str: 24    XL:     10   Next: 83%
Magic:  7/14       EV: 11    Int:  9    God:    Okawaru [***...]
Gold:   289        SH:  9    Dex:  9    Spells: 9/9 levels left

rFire   . . .      SeeInvis +   a - +2 flail (vorpal)
rCold   . . .      Faith    .   c - +0 buckler
rNeg    + . .      Spirit   .   b - +1 ring mail {Will+}
rPois   ∞          Reflect  +   x - +0 helmet
rElec   +          Harm     .   (no cloak)
rCorr   .          Rampage  .   l - +1 pair of gloves {infuse}
Will    +....                   (no boots)
Stlth   ..........              k - amulet of reflection
HPRegen 0.21/turn               u - ring of see invisible
MPRegen 0.14/turn               (no ring)

@: studying 2 skills
A: sickness immunity, AC +7, negative energy resistance 1, electricity
resistance, torment resistance 1, petrification resistance
a: Renounce Religion, Heroism


You were on level 9 of the Dungeon.
You worshipped Okawaru.
Okawaru was most pleased with you.
You visited 2 branches of the dungeon, and saw 10 of its levels.

You collected 289 gold pieces.

Inventory:

Hand Weapons
 a - a +2 vorpal flail (weapon)
Missiles
 e - 5 curare-tipped darts (quivered)
 g - 2 throwing nets
Armour
 b - a +1 ring mail of willpower (worn)
 c - a +0 buckler (worn)
 l - a +1 pair of gloves of infusion (worn)
 x - a +0 helmet (worn)
Jewellery
 k - an amulet of reflection (around neck)
 u - a ring of see invisible (left hand)
Wands
 h - a wand of light (9)
 z - a wand of polymorph (6)
Scrolls
 j - a scroll of silence
 o - 2 scrolls of summoning
 q - a scroll of enchant armour
 r - a scroll of fear
 y - a scroll of fog
 A - a scroll of torment
Potions
 d - 2 potions of might
 f - a potion of lignification
 i - 2 potions of flight
 m - a potion of attraction
 n - a potion of cancellation
 p - a potion of invisibility
 s - a potion of magic
 t - 2 potions of berserk rage {unknown}
 v - a potion of curing {unknown}
 w - a potion of ambrosia {unknown}


   Skills:
 + Level 10.8 Fighting
 + Level 9.6 Maces & Flails
 - Level 7.8 Armour
 + Level 2.4 Dodging
 - Level 3.2 Shields
 + Level 5.3 Invocations
 - Level 2.0 Evocations


You had 9 spell levels left.
You didn't know any spells.
Your spell library contained the following spells:

 Spells                   Type           Power      Damage    Failure   Level
 Ensorcelled Hibernation  Hex/Ice        0%         N/A       75%         2
 Dazzling Flash           Conj/Hex       0%         N/A       93%         3
 Portal Projectile        Hex/Tloc       0%         N/A       93%         3
 Leda's Liquefaction      Hex/Erth       0%         N/A       100%        4
 Blade Hands              Tmut           0%         N/A       100%        5
 Discord                  Hex            0%         N/A       100%        8
 Call Canine Familiar     Summ           Unusable   N/A       N/A         3
 Tukima's Dance           Hex            Unusable   N/A       N/A         3

Dungeon Overview and Level Annotations

Branches:
Dungeon (9/15)             Temple (1/1) D:7
   Lair: D:8-11         Orc: D:9-12

Altars:
Ashenzari
Cheibriados
Fedhas
Gozag
Hepliaklqana
Kikubaaqudgha
Makhleb
Nemelex Xobeh
Okawaru
Qazlal
Sif Muna
Vehumet
Wu Jian
Zin
The Shining One

Shops:
D:8 ((


Innate Abilities, Weirdness & Mutations

You are immune to sickness and miasma.
Your stone body is resilient. (AC +7)
You are immune to poison.
You resist negative energy. (rN+)
You are resistant to electric shocks. (rElec)
You are resistant to unholy torment.
You are immune to petrification.


Message History

Aim: an orc warrior, wielding a +0 long sword and wearing a +0 plate armour (71% to hit)
The bolt of light hits the orc warrior!
The orc warrior is heavily wounded.
The orc warrior is blinded.
The yak bellows!
You hear a bellow! x2
Aiming: Bolt of Light
Press: ? - help, Shift-Dir - straight line, f - yak, p - orc warrior
Aim: a yak (83% to hit)
The bolt of light hits the yak!
The yak is moderately wounded.
The yak is blinded.
You hear a bellow!
An orc wizard comes into view. It is wielding a +0 dagger.
You barely miss the orc warrior.
The orc warrior is heavily wounded.
You hit the orc warrior.
The orc warrior is severely wounded.
The orc wizard gestures wildly while chanting.
The orc wizard flickers and vanishes for a moment.
The orc wizard casts a spell at you. The magic dart hits you.
* * * LOW HITPOINT WARNING * * *
The orc warrior hits you but does no damage.
You hit the orc warrior but do no damage.
The orc warrior is severely wounded.
The orc wizard casts a spell.
The orc wizard flickers and vanishes for a moment.
The orc warrior hits you with a +0 long sword!
* * * LOW HITPOINT WARNING * * *
Unknown command.
Aiming: Bolt of Light
Press: ? - help, Shift-Dir - straight line, f - orc wizard
Aim: an orc wizard, wielding a +0 dagger and wearing a +0 robe (slightly transparent, 64% to hit)
The bolt of light hits the orc wizard.
The orc wizard is moderately wounded.
The orc wizard is blinded.
The bolt of light hits the orc wizard!!
You kill the orc wizard!
Okawaru accepts your kill.
The orc warrior hits you with a +0 long sword!
You die...

###+##
######.### ....
.....#
#........##....
.....+
#.....)..#.....
.....#
..........>.....
.....#
##........##....
.....Y#
#######.## ...
.......# ##..# .
...#..... ##..##
###......# #@o##
........ #o##
........ ...
....#.. .....
.......
....)...#
.........#
..........#


You could see an orc warrior (blind) and an orc wizard (invisible, blind).

Vanquished Creatures
  Erolcha (D:9)
  A two-headed ogre (D:9)
  A wyvern (D:9)
  2 steam dragons (D:8)
  2 water moccasins
  2 orc warriors
  A sky beast (D:7)
  2 ice beasts
  A black bear (D:6)
  5 ogres
  5 centaurs
  A kobold brigand (D:9)
  3 phantoms
  2 bullfrogs
  3 necrophages
  A gnoll sergeant (D:9)
  4 scorpions
  14 wights
  6 killer bees (D:8)
  A howler monkey (D:8)
  5 hounds
  A gnoll bouda (D:6)
  A jelly (D:5)
  4 orc priests
  3 orc wizards
  5 iguanas
  Terence (D:3)
  11 gnolls
  4 adders
  A shadow imp (D:6)
  2 white imps
  2 ufetubi (D:7)
  A worm (D:3)
  A dart slug (D:2)
  20 orcs
  8 endoplasms
  6 giant cockroaches
  8 goblins
  8 hobgoblins
  7 jackals (D:1)
  14 kobolds
  5 quokkas
  5 ball pythons
  3 bats
  3 frilled lizards
  4 rats
191 creatures vanquished.

Vanquished Creatures (others)
  2 fungi (D:4)
  2 plants (D:4)
4 creatures vanquished.

Grand Total: 195 creatures vanquished

Notes
Turn   | Place    | Note
-------+----------+-------------------------------------------
     0 | D:1      | Ijustatesigmund the Gargoyle Fighter began the quest for
                  | the Orb.
     0 | D:1      | Reached XP level 1. HP: 14/14 MP: 1/1
   191 | D:1      | Reached XP level 2. HP: 19/19 MP: 2/2
   439 | D:1      | Reached XP level 3. HP: 21/24 MP: 3/3
   543 | D:1      | Reached skill level 4 in Fighting
  1903 | D:2      | Reached XP level 4. HP: 30/30 MP: 4/4
  2048 | D:2      | Found a faded altar of an unknown god.
  2277 | D:3      | Identified the +1 robe of Grim the Good {Dex+3}
  2298 | D:3      | Noticed Terence
  2307 | D:3      | Killed Terence
  2903 | D:3      | Found a sparkling altar of Nemelex Xobeh.
  2994 | D:4      | Found a stormy altar of Qazlal.
  2994 | D:4      | Found a blossoming altar of Fedhas.
  3002 | D:4      | Noticed a phantom
  3027 | D:3      | Killed a phantom
  3028 | D:3      | Reached skill level 5 in Fighting
  3028 | D:3      | Reached XP level 5. HP: 30/35 MP: 0/5
  3447 | D:4      | Reached XP level 6. HP: 24/40 MP: 0/6
  4108 | D:4      | Got the Spellbook of Coordinates and Hexes
  4217 | D:4      | Found a burning altar of Makhleb.
  4336 | D:4      | Reached skill level 6 in Fighting
  4681 | D:5      | Entered Level 5 of the Dungeon
  4717 | D:5      | Reached skill level 5 in Maces & Flails
  4858 | D:5      | Found an ancient bone altar of Kikubaaqudgha.
  4873 | D:5      | Reached XP level 7. HP: 31/47 MP: 3/7
  5293 | D:6      | Reached skill level 7 in Fighting
  5444 | D:6      | Reached XP level 8. HP: 53/53 MP: 4/8
  6224 | D:6      | Reached skill level 8 in Fighting
  6311 | D:6      | Found a radiant altar of Vehumet.
  6782 | D:7      | Reached skill level 5 in Armour
  6970 | D:7      | Reached XP level 9. HP: 54/60 MP: 2/9
  7135 | D:7      | Reached skill level 1 in Evocations
  7178 | D:7      | Reached skill level 9 in Fighting
  7294 | D:7      | Found a staircase to the Ecumenical Temple.
  7303 | Temple   | Entered the Ecumenical Temple
  7431 | Temple   | Became a worshipper of Warmaster Okawaru
  7982 | D:7      | Reached * piety under Okawaru
  7983 | D:7      | Reached skill level 1 in Invocations
  8259 | D:8      | Found Decw's Weapon Shoppe.
  8318 | D:8      | Found a shimmering blue altar of Sif Muna.
  8391 | D:8      | Reached XP level 10. HP: 46/68 MP: 3/12
  8557 | D:8      | Reached skill level 10 in Fighting
  8693 | D:8      | Reached ** piety under Okawaru
  8852 | D:8      | Found Jimp's Weapon Shoppe.
  9557 | D:9      | Noticed Erolcha
  9585 | D:9      | Killed Erolcha
  9593 | D:9      | Identified a scroll of acquirement
  9593 | D:9      | Acquired a manual of Dodging
  9929 | D:9      | Reached skill level 1 in Dodging
 10037 | D:9      | Noticed a death yak
 10038 | D:9      | Noticed a death yak
 10063 | D:9      | Noticed a two-headed ogre
 10069 | D:9      | Killed a two-headed ogre
 10069 | D:9      | Reached *** piety under Okawaru
 10070 | D:9      | Reached skill level 5 in Invocations
 10090 | D:9      | Slain by an orc warrior

Illustrated notes

Levels and vault maps discovered:
D:1:      shiori_arrival_whats_in_store_for_you, layout_rooms,
          serial_co_window_serial, co_window_corner_a, co_window_paths_b,
          co_window_corner_a, co_window_corner_a, co_window_paths_a,
          co_window_of_opportunity_c, co_window_corner_ca, co_window_broadway_c,
          co_window_2corner, co_window_4corner_b, glass_columns_c
D:2:      layout_rooms, shapermc_ecumenical_altar_venn
D:3:      layout_basic, nemelex_xobeh_ov_fountains_minmay, uniq_terence
D:4:      layout_cave_pools, mainiacjoe_overflow_surrounded_room,
          grunt_temple_overflow_forces_of_nature, serial_rivers,
          chequers_serial_rivers_small_a, chequers_serial_rivers_micro_e,
          chequers_serial_rivers_room_a, chequers_serial_rivers_micro_a,
          chequers_serial_rivers_small_3, chequers_serial_rivers_marsh
D:5:      layout_basic, mainiacjoe_overflow_cross_hatched,
          minmay_misc_feat_plants
D:6:      layout_loops_cross, old_standard_altar
D:7:      minmay_s_stair_smasher, layout_basic, minmay_temple_entry_trees
D:8:      layout_loops_cross, lemuel_doored_altar, serial_shops,
          kennysheep_mini_moat, nicolae_shop_crystal, serial_rivers,
          chequers_serial_rivers_large_b, chequers_serial_rivers_micro_a,
          chequers_serial_rivers_micro_a, chequers_serial_rivers_small_b
D:9:      layout_roguey, dpeg_lair_monsters, enter_bailey_5, uniq_pikel,
          uniq_erolcha, uniq_maggie
Temple:   hellmonk_temple_beads

Skill      XL: |  1  2  3  4  5  6  7  8  9 10 |
---------------+-------------------------------+-----
Fighting       | 4 5 6 7 8 9 10 | 10.8
Maces & Flails | 3 4 5 6 7 8 9 |  9.6
Armour         | 5 7 |  7.8
Evocations     | 2 |  2.0
Invocations    | 3 5 |  5.3
Dodging        | 2 |  2.4
Shields        | |  3.2

Action                   |  1- 3 |  4- 6 |  7- 9 | 10-12 || total
-------------------------+-------+-------+-------+-------++-------
Melee: Flail             |   169 |   170 |   253 |   127 ||   719
Invok: Heroism           |       |       |     1 |     4 ||     5
Evoke: Wand              |       |       |     2 |    12 ||    14
  Use: Scroll            |       |     7 |    17 |     1 ||    25
       Potion            |       |       |       |     2 ||     2
Armor: Scale mail        |    53 |       |       |       ||    53
       Chain mail        |    47 |     5 |       |       ||    52
       Ring mail         |       |    89 |   123 |    53 ||   265
Dodge: Dodged            |    72 |    75 |   114 |    60 ||   321
Block: Buckler           |    39 |    83 |   122 |    77 ||   321
       Reflection        |       |     1 |     1 |     2 ||     4
